 Dungeon Sprint DCSS version 0.30-a0-1008-g30c9307041 (webtiles) character file.

Game seed: 13788703358206007947

1641 dialectric the Bludgeoner (level 8, -16/60 HPs)
             Began as a Gargoyle Berserker on Apr 6, 2023.
             Was a Priest of Trog.
             Shot with an arrow by a centaur warrior (22 damage)
             ... in the Dungeon (Sprint I: "Red Sonja").
             The game lasted 00:02:33 (504 turns).

dialectric the Bludgeoner (Gargoyle Berserker)       Turns: 504, Time: 00:02:33

Health: -16/60     AC:  9    Str: 22    XL:     8   Next: 99%
Magic:  8/8        EV: 13    Int:  7    God:    Trog [***...]
Gold:   801        SH:  0    Dex: 11    Spells: 7/7 levels left

rFire   . . .      SeeInvis .    a - +0 mace
rCold   . . .      Faith    .    (no shield)
rNeg    + . .      Spirit   .    j - +0 leather armour
rPois   ∞          Reflect  .    (no helmet)
rElec   +          Rampage  .    (no cloak)
rCorr   .          NoTele   +    (no gloves)
Will    .....                    (no boots)
Stlth   +                        (no amulet)
HPRegen 0.30/turn                (no ring)
MPRegen 0.11/turn                (no ring)

@: flying
A: sickness immunity, AC +5, negative energy resistance 1, electricity
resistance, torment resistance 1, petrification resistance
a: Renounce Religion, Berserk, Trog's Hand


You were in the Dungeon.
You worshipped Trog.
Trog was most pleased with you.
You visited 1 branch You collected 840 gold pieces.
You spent 39 gold pieces at shops.

Inventory:

Hand Weapons
 a - a +0 mace (weapon)
Missiles
 n - 2 curare-tipped darts (quivered)
Armour
 b - a +0 animal skin
 j - a +0 leather armour (worn)
Jewellery
 k - a +4 ring of protection
Wands
 i - a wand of digging (3)
 m - a wand of polymorph (8)
 p - a wand of charming (4)
Scrolls
 h - a scroll of blinking
 o - a scroll of identify {unknown}
Potions
 c - 4 potions of curing
 d - a potion of heal wounds
 e - a potion of haste
 f - 2 potions of magic
 g - a potion of berserk rage


   Skills:
 + Level 11.3 Fighting
 * Level 15.3 Maces & Flails
 + Level 5.7 Armour
 + Level 4.7 Dodging
 + Level 0.4 Unarmed Combat


You had 7 spell levels left.
You didn't know any spells.
Your spell library was empty.

Dungeon Overview and Level Annotations

Branches:
Dungeon (1/1)

Altars:
Cheibriados
Dithmenos
Elyvilon
Fedhas
Gozag
Hepliaklqana
Kikubaaqudgha
Makhleb
Nemelex Xobeh
Okawaru
Qazlal
Ru
Sif Muna
Trog
Uskayaw
Vehumet
Wu Jian
Xom
Yredelemnul
Zin
The Shining One
Jiyva
Lugonu

Shops:
D :![


Innate Abilities, Weirdness & Mutations

You are immune to sickness and miasma.
Your stone body is resilient. (AC +5)
You are immune to poison.
You resist negative energy. (rN+)
You are resistant to electric shocks. (rElec)
You are resistant to unholy torment.
You are immune to petrification.


Message History

You see here a book of Air.
There is an open door here.
You start resting.
You feel yourself speed up.
You start resting.
You recover from your berserk rage.
Unknown command.
You open the door.
Found 14 gold pieces and a long sword.
Found a scroll labelled KAZXOWOKEAT and a blackened lead wand.
There is an open door here.
You now have 801 gold pieces (gained 14).
o - a scroll labelled KAZXOWOKEAT
p - a wand of charming (4)
You see here a +0 long sword.
You start resting.
HP restored.
You open the door.
A centaur warrior comes into view.
The centaur warrior moves out of view.
Unknown command.
Okay, then.
You feel very buoyant.
You fly up into the air.
A centaur warrior comes into view.
Found a tiny bronze amulet and a scroll labelled POLETI IMAIBO.
The centaur warrior shouts!
You hear a shout!
The centaur warrior wields a +0 shortbow.
The centaur warrior shoots an arrow.
The arrow barely misses you.
The centaur warrior shoots an arrow.
The arrow hits you.
There is an open door here.
The centaur warrior wields a +0 shortbow.
The centaur warrior shoots an arrow.
The arrow hits you!!
The centaur warrior shoots an arrow.
The arrow hits you!
* * * LOW HITPOINT WARNING * * *
The centaur warrior shoots an arrow.
The arrow hits you!
* * * LOW HITPOINT WARNING * * *
Unknown command.
The centaur warrior shoots an arrow.
The arrow hits you!!
You die...

#####################
<.#..').#..'..#__#..+
..)..#..').#..'..'..#
..#####'#####'#__####
..####..#...#.####"?#
..#__####..##(#§§§§§#
..#_____##'#_.+§§§c§+
⌠⌠#_.∩...'.)._#~§§c§#
###_..__##_.#'##@####
#_____###'#.#§§..###
###########.####§###:##
∩........'...'†....':∩#
##++++####...##########
###.### #.#'#.# #.....#
#.(...#


You could see 2 centaur warriors.

Vanquished Creatures
  Sonja (D)
  A deep troll (D)
  A slime creature (D)
  Sigmund (D)
  A yak (D)
  An ogre (D)
  A jelly (D)
  Ijyb (D)
8 creatures vanquished.

Vanquished Creatures (others)
  2 ballistomycete spores (D)
2 creatures vanquished.

Grand Total: 10 creatures vanquished

Notes
Turn   | Place    | Note
-------+----------+-------------------------------------------
     0 | D        | dialectric the Gargoyle Berserker began the quest for the
                  | Orb.
     0 | D        | Reached XP level 1. HP: 14/14 MP: 1/1
     1 | D        | Noticed Ijyb
     7 | D        | Killed Ijyb
     8 | D        | Reached skill level 5 in Fighting
     8 | D        | Reached skill level 4 in Maces & Flails
     8 | D        | Reached XP level 2. HP: 21/21 MP: 2/2
     8 | D        | Reached XP level 3. HP: 26/26 MP: 3/3
    37 | D        | Noticed an ogre
    43 | D        | Killed an ogre
    44 | D        | Reached skill level 7 in Maces & Flails
    44 | D        | Reached XP level 4. HP: 32/32 MP: 4/4
    74 | D        | Noticed Sigmund
    80 | D        | Killed Sigmund
    80 | D        | Reached ** piety under Trog
    81 | D        | Reached skill level 9 in Maces & Flails
    81 | D        | Reached XP level 5. HP: 39/39 MP: 5/5
    81 | D        | Reached XP level 6. HP: 44/44 MP: 6/6
    93 | D        | Found a shimmering blue altar of Sif Muna.
    94 | D        | Found an ornate altar of the Wu Jian Council.
    95 | D        | Found a radiant altar of Vehumet.
   100 | D        | Reached skill level 10 in Maces & Flails
   135 | D        | Found a burning altar of Makhleb.
   135 | D        | Found a shimmering altar of Xom.
   135 | D        | Noticed a slime creature
   136 | D        | Found a viscous altar of Jiyva.
   136 | D        | Found a corrupted altar of Lugonu.
   144 | D        | Killed a slime creature
   145 | D        | Reached skill level 11 in Maces & Flails
   145 | D        | Reached XP level 7. HP: 50/50 MP: 7/7
   185 | D        | Found Kikku's Distillery.
   185 | D        | Found an ancient bone altar of Kikubaaqudgha.
   185 | D        | Found a stormy altar of Qazlal.
   185 | D        | Found a blossoming altar of Fedhas.
   185 | D        | Found a bloodstained altar of Trog.
   185 | D        | Found an iron altar of Okawaru.
   185 | D        | Found a glowing golden altar of the Shining One.
   185 | D        | Found a glowing silver altar of Zin.
   185 | D        | Found a white marble altar of Elyvilon.
   185 | D        | Noticed a yak
   190 | D        | Found a hazy altar of Hepliaklqana.
   190 | D        | Found a hide-covered altar of Uskayaw.
   190 | D        | Found a basalt altar of Yredelemnul.
   190 | D        | Found a snail-covered altar of Cheibriados.
   190 | D        | Found a sacrificial altar of Ru.
   190 | D        | Found a shadowy altar of Dithmenos.
   196 | D        | Killed a yak
   197 | D        | Reached skill level 12 in Maces & Flails
   197 | D        | Found an opulent altar of Gozag.
   198 | D        | Found a sparkling altar of Nemelex Xobeh.
   202 | D        | Bought a potion of flight for 39 gold pieces
   208 | D        | Noticed Sonja
   223 | D        | Killed Sonja
   223 | D        | Reached *** piety under Trog
   224 | D        | Reached skill level 10 in Fighting
   224 | D        | Reached skill level 14 in Maces & Flails
   224 | D        | Reached skill level 5 in Armour
   224 | D        | Reached XP level 8. HP: 28/58 MP: 8/8
   265 | D        | Found Gah Kokk's Book Boutique.
   387 | D        | Noticed a deep troll
   403 | D        | Killed a deep troll
   404 | D        | Reached skill level 15 in Maces & Flails
   417 | D        | Found Tocyrimm's Armour Emporium.
   498 | D        | Noticed a centaur warrior
   502 | D        | Noticed a centaur warrior
   504 | D        | Shot with an arrow by a centaur warrior

Illustrated notes

Levels and vault maps discovered:
D:        dungeon_sprint_1 [red_sonja_temple_1, red_sonja_temple_small_1]

Skill      XL: |  1  2  3  4  5  6  7  8 |
---------------+-------------------------+-----
Fighting       | 5 6 7 8 10 11 | 11.3
Maces & Flails | 4 7 9 11 14 15 | 15.3
Dodging        | 2 3 4 |  4.7
Armour         | 3 4 5 |  5.7
Unarmed Combat | |  0.4

Action                     |  1- 3 |  4- 6 |  7- 9 || total
---------------------------+-------+-------+-------++-------
  Melee: Mace              |    10 |    14 |    31 ||    55
         Punch             |       |     1 |       ||     1
         Unarmed           |       |       |     1 ||     1
 Invoke: Berserk           |     2 |     2 |     2 ||     6
    Use: Potion            |       |       |     1 ||     1
 Armour: Animal skin       |     1 |       |       ||     1
         Leather armour    |       |     2 |     6 ||     8
  Dodge: Dodged            |     3 |     5 |    25 ||    33

Table legend: (Time is in decaauts)
 A = Elapsed time spent in this place.
 B = Non-inter-level travel time spent in this place.
 C = Inter-level travel time spent in this place.
 D = Time resting spent in this place.
 E = Time spent auto-exploring this place.
 F = Levels seen in this place.
 G = Mean time per level.
                   A        B        C        D        E       F      G
               +--------+--------+--------+--------+--------+-----+--------+
         Total |    538 |    538 |      0 |    220 |      0 |   1 |  538.0 |
       Dungeon |    538 |    538 |      0 |    220 |      0 |   1 |  538.0 |
               +--------+--------+--------+--------+--------+-----+--------+

Top non-repeatable levels by time:
       D: 538 daAuts
